 Dungeon Crawl Stone Soup version 0.30.1-11-g7821555f0a (webtiles) character file.

Game seed: 3788734396347412264

3173 Janerl the Skirmisher (level 9, 0/79 HPs)
             Began as a Hill Orc Hunter on Nov 17, 2023.
             Slain by an orc wizard
             ... wielding a +0 quarterstaff
              (2 damage)
             ... on level 6 of the Dungeon.
             The game lasted 00:41:43 (6357 turns).

Janerl the Skirmisher (Hill Orc Hunter)             Turns: 6357, Time: 00:41:44

Health: 0/79       AC:  9    Str: 17 (18) XL:     9   Next: 94%
Magic:  9/9        EV: 16    Int:  7 (9)  God:
Gold:   367        SH:  0    Dex: 11 (14) Spells: 7/8 levels left

rFire   . . .        b - +3 mace
rCold   . . .        (no shield)
rNeg    + . .        k - +1 ring mail {rN+}
rPois   .            D - +0 helmet
rElec   .            (no cloak)
rCorr   .            (no gloves)
SInv    .            d - +0 pair of boots
Will    +....        (no amulet)
Stlth   +            p - ring of willpower
HPRegen 0.33/turn    H - +5 ring of evasion
MPRegen 0.11/turn

%: no passive effects
@: flying
A: no striking features
a: no special abilities


You were on level 6 of the Dungeon.
You visited 1 branch of the dungeon, and saw 6 of its levels.

You collected 389 gold pieces.
You spent 22 gold pieces at shops.

Inventory:

Hand Weapons
 a - a +0 shortbow
 b - a +3 mace (weapon)
 F - a +1 long sword of holy wrath
 K - a +2 whip of freezing
 M - a +0 broad axe
 N - a +2 dagger of venom
Missiles
 q - 27 poisoned darts
 s - 2 throwing nets
Armour
 d - a +0 pair of boots (worn)
 k - a +1 ring mail of positive energy (worn)
 D - a +0 helmet (worn)
Jewellery
 c - a ring of fire
 o - a ring of wizardry
 p - a ring of willpower (left hand)
 z - a ring of flight
 A - a +6 ring of dexterity
 H - a +5 ring of evasion (right hand)
 I - a +6 ring of dexterity
Wands
 g - a wand of polymorph (4)
 t - a wand of roots (14)
Scrolls
 e - 2 scrolls of fear {unknown}
 f - 4 scrolls of fog
 j - 2 scrolls of enchant weapon {unknown}
 l - a scroll of vulnerability {unknown}
 r - 3 scrolls of amnesia {unknown}
 v - 2 scrolls of immolation
 w - a scroll of butterflies {unknown}
 x - 2 scrolls of noise {unknown}
 y - 5 scrolls of teleportation {unknown}
 C - a scroll of torment {unknown}
 J - a scroll of poison {unknown}
Potions
 h - a potion of magic {unknown}
 i - a potion of lignification {unknown}
 m - 2 potions of degeneration
 u - a potion of ambrosia {unknown}
 B - a potion of attraction {unknown}


   Skills:
 + Level 7.0 Fighting
 + Level 1.0(4.7) Axes
 + Level 6.1(6.2) Maces & Flails
 + Level 8.8 Ranged Weapons
 + Level 5.7 Armour
 + Level 3.3 Dodging
 + Level 0.8 Stealth
 + Level 0.9 Fire Magic
 + Level 0.1 Evocations


You had 7 spell levels left.
You knew the following spells:

 Your Spells              Type           Power      Damage    Failure   Level
a - Foxfire               Conj/Fire      0%         2x1d4     56%         1

Your spell library contained the following spells:

 Spells                   Type           Power      Damage    Failure   Level
 Kiss of Death            Conj/Necr      0%         2d5       63%         1
 Static Discharge         Conj/Air       0%         2-2/arc   77%         2
 Confusing Touch          Hex            0%         N/A       94%         3
 Airstrike                Air            0%         2d(0-16)  100%        4
 Dispel Undead            Necr           0%         3d6       100%        4
 Summon Lightning Spire   Summ/Air       0%         N/A       100%        4
 Fireball                 Conj/Fire      0%         3d3       100%        5
 Plasma Beam              Fire/Air       0%         2x1d11    100%        6
 Starburst                Conj/Fire      0%         6d3       100%        6


Dungeon Overview and Level Annotations

Branches:
Dungeon (6/15)             Temple (0/1) D:6

Altars:
Trog
Xom

Shops:
D:6 *


Message History

The orc priest is severely wounded.
Something closely misses you. The orc priest closely misses you.
The orc priest shouts, "Beogh is our master!
Accept the truth or die!"
You hit the orc priest.
The orc priest is almost dead.
The orc priest shouts, "Surrender to Beogh and we'll let you live!"
Something barely misses you.
A gnoll comes into view. It is wielding a +0 flail.
The orc priest closely misses you.
The orc priest shouts, "Join the one true god or die!"
The gnoll shouts!
You hit the orc priest but do no damage.
The orc priest is almost dead.
Something hits you but does no damage. The orc priest closely misses you.
You hit the orc priest.
You kill the orc priest!
Something hits you.
* * * LOW HITPOINT WARNING * * *
The gnoll throws a throwing net.
The throwing net closely misses you. Something hits you.
* * * LOW HITPOINT WARNING * * *
Items here: ( ))) [ ÷ ††.
Unknown command.
You start resting.
An orc wizard is nearby!
The orc wizard mumbles some strange words.
The orc wizard flickers and vanishes!
Items here: ( ))) [ ÷ ††.
You hit something. Something hits you.
* * * LOW HITPOINT WARNING * * *
Something hits you but does no damage.
You hit something. Something hits you.
* * * LOW HITPOINT WARNING * * *
You closely miss something. Something hits you but does no damage.
You closely miss something. Something hits you but does no damage.
You hit something. Something hits you but does no damage.
It was a potion of flight.
You feel very buoyant.
You fly up into the air.
Something hits you.
You die...

#########################
..............'...#.....#
.......g.)..)g[...#.....#
###''########{#...#PP♣..#
..O. #.@)#...#♣PP..# ..
#...#...#♣.♣..# gg
#.>.#####♣....#


g)g #..)#P♣♣♣.♣...# #### ##'''#PPPP....## ♣..P♣♣♣♣....♣.PP♣.....#
.♣.♣P..P.♣........♣P......# P.......♣.♣......P.......######
..P........P.............#.##..#. You could see a gnoll.

Vanquished Creatures
  Pikel (D:6)
  Prince Ribbit (D:6)
  Grinder (D:4)
  Menkaure (D:4)
  Pargi (D:4)
  Duvessa (D:6)
  2 ice beasts
  An orc warrior (D:6)
  A black bear (D:5)
  2 ogres (D:6)
  A phantom (D:4)
  Blork the orc (D:6)
  2 gnoll sergeants
  2 scorpions
  Dowan (D:6)
  7 hounds
  2 jellies (D:5)
  2 orc priests (D:6)
  Jessica (D:3)
  2 gnoll boudas (D:6)
  8 orc wizards
  2 sleepcaps
  16 gnolls
  9 adders
  An ufetubus (D:5)
  A worm (D:4)
  4 dart slugs
  18 orcs
  6 endoplasms
  6 giant cockroaches
  8 goblins
  13 hobgoblins
  15 kobolds
  8 ball pythons
  8 bats
  5 frilled lizards
  7 rats
168 creatures vanquished.

Vanquished Creatures (others)
  3 foxfires (D:6)
3 creatures vanquished.

Grand Total: 171 creatures vanquished

Notes
Turn   | Place    | Note
-------+----------+-------------------------------------------
     0 | D:1      | Janerl the Hill Orc Hunter began the quest for the Orb.
     0 | D:1      | Reached XP level 1. HP: 18/18 MP: 1/1
   100 | D:1      | Reached XP level 2. HP: 25/25 MP: 2/2
   159 | D:1      | Reached skill level 4 in Ranged Weapons
   345 | D:1      | Reached XP level 3. HP: 31/31 MP: 3/3
   599 | D:1      | Found a faded altar of an unknown god.
   858 | D:2      | Reached XP level 4. HP: 27/38 MP: 4/4
  1300 | D:2      | Reached skill level 1 in Armour
  1309 | D:2      | Reached skill level 5 in Ranged Weapons
  1309 | D:2      | Reached XP level 5. HP: 35/46 MP: 5/5
  1725 | D:3      | Noticed Jessica
  2135 | D:3      | Killed Jessica
  2410 | D:4      | Reached XP level 6. HP: 52/52 MP: 6/6
  2515 | D:4      | Noticed Grinder
  2528 | D:4      | Killed Grinder
  2529 | D:4      | Reached skill level 1 in Maces & Flails
  2529 | D:4      | Reached skill level 6 in Ranged Weapons
  2847 | D:4      | Reached XP level 7. HP: 54/60 MP: 7/7
  3010 | D:4      | Noticed Pargi
  3024 | D:4      | Killed Pargi
  3103 | D:4      | Noticed Menkaure
  3112 | D:4      | Killed Menkaure
  3113 | D:4      | Reached skill level 5 in Fighting
  3386 | D:5      | Entered Level 5 of the Dungeon
  3446 | D:5      | Reached XP level 8. HP: 16/68 MP: 8/8
  3747 | D:5      | Reached skill level 7 in Ranged Weapons
  4246 | D:6      | Found Bixeutah's General Store.
  4253 | D:6      | Bought a scroll of identify for 22 gold pieces
  4479 | D:6      | Reached skill level 8 in Ranged Weapons
  4554 | D:6      | Noticed Prince Ribbit
  4578 | D:6      | Killed Prince Ribbit
  4749 | D:6      | Found a staircase to the Ecumenical Temple.
  4759 | D:6      | Noticed Pikel
  4778 | D:6      | Killed Pikel
  4779 | D:6      | Reached XP level 9. HP: 30/77 MP: 9/9
  4983 | D:6      | Noticed Dowan
  4984 | D:6      | Noticed Duvessa
  5006 | D:6      | Killed Dowan
  5010 | D:6      | Killed Duvessa
  5011 | D:6      | Reached skill level 5 in Maces & Flails
  5537 | D:6      | Found a shimmering altar of Xom.
  5545 | D:6      | Found a bloodstained altar of Trog.
  5609 | D:6      | Reached skill level 5 in Armour
  5619 | D:6      | Learned a level 1 spell: Foxfire
  5628 | D:6      | Noticed Blork the orc
  5646 | D:6      | Killed Blork the orc
  5815 | D:6      | Reached skill level 1 in Axes
  6353 | D:6      | HP: 1/79 [something (5)]
  6357 | D:6      | Slain by an orc wizard

Illustrated notes

Levels and vault maps discovered:
D:1:      lemuel_arrival_rhombus, layout_loops_ring,
          shapermc_ecumenical_altar_pompeii, chequers_serial_rivers_micro_d
D:2:      layout_basic
D:3:      layout_rooms, serial_co_window_serial, co_window_paths_a,
          co_window_corner_a, co_window_corner_a, co_window_corner_a,
          co_window_cross_1, co_window_paths_a, co_window_paths_b,
          co_window_corner_b, co_window_unsneaky_path_c,
          co_window_unsneaky_path_e, co_window_corner_cb, co_window_sun,
          glass_columns_a, glass_columns_b, glass_columns_a, glass_columns_a,
          glass_columns_b, uniq_jessica
D:4:      layout_loops_ring, nicolae_underground_beach, uniq_grinder,
          uniq_menkaure, uniq_pargi
D:5:      wander_river, layout_cave_pools
D:6:      kennysheep_housing_project, layout_gridville,
          nicolae_overflow_hidden_temple, minmay_temple_entry_ruins,
          serial_shops, shop, uniq_blork_the_orc, uniq_pikel,
          uniq_prince_ribbit1, uniq_duvessa

Skill      XL: |  1  2  3  4  5  6  7  8  9 |
---------------+----------------------------+-----
Ranged Weapons | 4 5 6 8 |  8.8
Fighting       | 3 4 5 6 7 |  7.0
Armour         | 1 2 3 4 5 |  5.7
Maces & Flails | 1 3 4 6 |  6.1
Dodging        | 2 3 |  3.3
Axes           | 1 |  1.0
Stealth        | |  0.8
Fire Magic     | |  0.9
Evocations     | |  0.1

Action                     |  1- 3 |  4- 6 |  7- 9 || total
---------------------------+-------+-------+-------++-------
  Melee: Mace              |       |    22 |   304 ||   326
         Broad axe         |       |       |    17 ||    17
         Punch             |       |       |     1 ||     1
   Fire: Shortbow          |    97 |   146 |   172 ||   415
   Cast: Foxfire           |       |       |     2 ||     2
  Evoke: Wand              |       |       |     1 ||     1
    Use: Potion            |       |     2 |    10 ||    12
         Scroll            |       |       |     2 ||     2
 Armour: Scale mail        |    27 |    38 |   114 ||   179
         Ring mail         |       |       |    76 ||    76
  Dodge: Dodged            |    27 |    75 |   323 ||   425
